 Dungeon Crawl Stone Soup version 0.30.0-5-g1a98f26d00 (webtiles) character file.

Game seed: 15827474435425264673

5 Foic the Vexing (level 1, 0/7 HPs)
             Began as a Felid Enchanter on May 8, 2023.
             Slain by a goblin
             ... wielding a +0 dagger
              (3 damage)
             ... on level 1 of the Dungeon.
             The game lasted 00:01:32 (92 turns).

Foic the Vexing (Felid Enchanter)                     Turns: 92, Time: 00:01:33

Health: 0/7        AC:  1    Str:  4    XL:     1   Next: 66%
Magic:  4/4        EV: 17    Int: 16    God:
Gold:   0          SH:  0    Dex: 16    Spells: 4/4 levels left
                                        Lives:  0   Deaths: 0

rFire   . .          .
                       - Unarmed
rCold   . . .        (shield unavailable)
rNeg    . . .        (body armour unavailable)
rPois   .            (helmet unavailable)
rElec   .            (cloak unavailable)
rCorr   .            (gloves unavailable)
SInv    +            (boots unavailable)
Will    .....        (no amulet)
Stlth   +++          (no ring)
HPRegen 0.21/turn    (no ring)
MPRegen 0.09/turn

%: no passive effects
@: quick
A: very small, claws 1, fangs 3, see invisible, speed 1, shaggy fur 1, stealthy
paws, no weapons or thrown items, no armour, multi-lived
a: no special abilities


You were on level 1 of the Dungeon.
You visited 1 branch of the dungeon, and saw 1 of its levels.

Inventory:

Potions
 a - 2 potions of invisibility


   Skills:
 + Level 0.1 Fighting
 + Level 2.7 Dodging
 * Level 4.2 Stealth
 + Level 1.1 Unarmed Combat
 + Level 2.0 Spellcasting
 + Level 4.4 Hexes


You had 4 spell levels left.
You didn't know any spells.
Your spell library contained the following spells:

 Spells                   Type           Power      Damage    Failure   Level
 Confusing Touch          Hex            16%        N/A       10%         3
 Tukima's Dance           Hex            16%        N/A       10%         3
 Ensorcelled Hibernation  Hex/Ice        16%        N/A       12%         2
 Dazzling Flash           Conj/Hex       16%        N/A       24%         3
 Ozocubu's Armour         Ice            1%         N/A       52%         3
 Ozocubu's Refrigeration  Ice            0%         4d7       100%        7


Dungeon Overview and Level Annotations

Branches:
Dungeon (1/15)

Altars:


Innate Abilities, Weirdness & Mutations

You have sharp claws.
You have razor-sharp teeth.
You have supernaturally acute eyesight. (SInv)
You cover ground quickly. (Speed+)
You are covered in fur. (AC +1)
Your paws help you pounce on unaware monsters.
You are incapable of wielding weapons or throwing items.
You cannot wear armour.
You gain extra lives every three experience levels.


Message History

The giant cockroach barely misses you.
You completely miss the giant cockroach.
The giant cockroach is heavily wounded.
The giant cockroach bites you.
You scratch the giant cockroach but do no damage.
Your bite misses the giant cockroach.
The giant cockroach is heavily wounded.
The giant cockroach closely misses you.
You barely miss the giant cockroach.
The giant cockroach is heavily wounded.
The giant cockroach misses you. The giant cockroach closely misses you.
You closely miss the giant cockroach. You bite the giant cockroach.
You kill the giant cockroach!
You see here a giant cockroach corpse.
Found Ozocubu's Autobiography.
You pick up Ozocubu's Autobiography and begin reading...
You add the spells Ozocubu's Armour and Ozocubu's Refrigeration to your library.
Okay, then.
Found a stone staircase leading down.
A quokka comes into view.
Found a gluggy clear potion.
A quokka comes into view.
A goblin comes into view. It is wielding a +0 dagger.
You pounce on the unaware helpless quokka!
You claw the quokka!
You kill the quokka!
You barely miss the quokka. You bite the quokka.
The quokka is severely wounded.
The quokka barely misses you. x2
You scratch the quokka but do no damage.
The quokka is severely wounded.
The quokka misses you.
You barely miss the quokka. You bite the quokka.
You kill the quokka!
The goblin hits you with a +0 dagger. The goblin hits you with a +0 dagger.
You scratch the goblin.
The goblin is moderately wounded.
The goblin hits you with a +0 dagger.
You die...

##...#.#.....# #
#.....#..<..#
#..####.....#
####.####.###.#
#......##.#†#.#
#...>.!##.###.# ###
#......##.....# #..
#.†....##.....# #..
#..@g..##.....# #..
#.......###'######..
#................#..
#........####.......
#........#.....#.###
########.#.#.#.#.# #
.# #...#.# # #
#####.# ..#


You could see a goblin.

Vanquished Creatures
  A giant cockroach (D:1)
  2 quokkas (D:1)
  A frilled lizard (D:1)
  A rat (D:1)
5 creatures vanquished.

Notes
Turn   | Place    | Note
-------+----------+-------------------------------------------
     0 | D:1      | Foic the Felid Enchanter began the quest for the Orb.
     0 | D:1      | Reached XP level 1. HP: 7/7 MP: 4/4
    92 | D:1      | Slain by a goblin

Illustrated notes

Levels and vault maps discovered:
D:1:      nicolae_arrival_memento_mori, layout_basic, hex_medium

Action                     || total
---------------------------++-------
  Melee: Unarmed           ||    23
         Bite              ||     3
   Stab: Sleeping          ||     2
 Armour: Skin              ||     1
  Dodge: Dodged            ||    17
